[Event "*** Qualifier 4: Titled Tuesday 3|2 Blitz"]
[Site "Chess.com"]
[Date "2017.04.25"]
[Round "4"]
[White "grzechu96"]
[Black "GamayevOleg"]
[Result "1/2-1/2"]
[WhiteElo "2388"]
[BlackElo "2342"]
[TimeControl "180+2"]
[EndTime "13:51:23 PDT"]
[Termination "Game drawn by repetition"]

1. e4 c6 2. d4 d5 3. Nc3 dxe4 4.
Nxe4 Nd7 5. Ng5 Ndf6 6. Bc4 Nh6 7. N1f3 Bg4 8. O-O e6 9. Re1 Be7 10. c3 Nd5 11. Ne4 O-O 12. Bxh6 gxh6 13. h3 Bf5 14.
Ng3 Bg6 15. Qd2 Bg5 16. Nxg5 hxg5 17. Bd3 Nf4 18. Be4 Qf6 19. Qe3 Rfe8 20. Bf3 Rad8 21. Ne4 Bxe4 22. Qxe4 h6 23. Rad1 Nd5 24. Qc2 Nf4 25. Qe4 Nd5 26. Be2 Qf4 27. Qc2 Qf6 28.
Qa4 Ra8 29. Bf1 Qf4 30. Qc2 Qf6 31. Qa4 Qf4 32. Re5 Qf6 33. Rde1 Nf4 34. Qb3 Rab8 35. g3 Nd5 36. Bg2 Red8 37. Qc2 Ne7 38. Qe2 Ng6 39. Ra5 Ra8 40. Qh5 Kg7 41. Qe2 Ne7 42. Re5 Nd5 43. Be4 Rd7 44. Bb1 Rh8 45. Qc2 Rdd8 46.
a4 Rdg8 47. b4 h5 48. b5 h4 49. g4 Nf4 50. Kh2 Rc8 51. c4 b6 52. c5 cxb5 53.
axb5 bxc5 54. dxc5 Nd5 55. c6 Nb4 56. Qe4 Qxf2+ 57.
Qg2 Qxg2+ 58. Kxg2 a6 59. bxa6 Nxa6 60. Rxg5+ Kf6 61.
Ra5 Rxc6 62. Rf1+ Ke7 63. Bd3 Nc5 64. Ra7+ Kd6 65. Rfxf7 Nxd3 66. Rad7+ Ke5 67. Rxd3 Rc2+ 68. Rf2 Rxf2+ 69. Kxf2 Ra8 70. Rb3 Ra4 71. Kf3 Rf4+ 72. Ke3 Re4+ 73. Kf3 Rf4+ 74. Ke3 Re4+ 75. Kf3 Rf4+ 76.
Ke3 Re4+ 77. Kf3 Rf4+ 78. Ke3 1/2-1/2

[Event "*** Qualifier 4: Titled Tuesday 3|2 Blitz"]
[Site "Chess.com"]
[Date "2017.04.25"]
[Round "4"]
[White "popov_m"]
[Black "Iball95"]
[Result "1-0"]
[WhiteElo "2412"]
[BlackElo "2520"]
[TimeControl "180+2"]
[EndTime "13:51:27 PDT"]
[Termination "popov_m won by checkmate"]

1. Nf3 c5 2. g3 Nc6 3. Bg2 Nf6 4. O-O g6 5. d3 d5 6. Re1 Bg7 7. Nbd2 O-O 8. e4 h6 9. c3 b6 10. e5 Ne8 11. d4 Nc7 12. Nf1 Bg4 13. Ne3 Bxf3 14. Bxf3 e6 15. h4 Rc8 16. Ng4 h5 17.
Bg5 Qxg5 18. hxg5 hxg4 19. Bxg4 cxd4 20. cxd4 Nb5 21. f4 Nbxd4 22. Rc1 Rfd8 23. Kg2 Nb5 24.
Qa4 a6 25. Qxa6 Nbd4 26. a3 b5 27. Qb6 Bf8 28. Red1 Rb8 29. Rxc6 Rxb6 30. Rxb6 Nc2 31. Rb7 Ne3+ 32. Kh3 Nxd1 33. Bxd1 b4 34. axb4 Rc8 35. b5 Rc1 36. Ba4 Bc5 37. Rc7 Rh1+ 38. Kg2 Rg1+ 39. Kh2 Rc1 40. Rc6 Be3 41. Rxc1 Bxc1 42. b6 Be3 43. b7 Ba7 44. Kg2 Kf8 45. Kf3 Ke7 46.
Ke2 Kd8 47. Kd3 Bb8 48. Ke2 Ba7 49. b4 Bb8 50. Bc6 Ba7 51. b5 Bb8 52. b6 Ke7 53.
Kd3 Kd8 54. Kd4 Ke7 55. Bxd5 exd5 56. Kxd5 Ke8 57. g4 Ke7 58. f5 Ke8 59. fxg6 fxg6 60.
Ke6 Kf8 61. Kf6 Ke8 62. Kxg6 Bxe5 63. Kh7 Kd7 64. g6 Kc6 65. g7 Bxg7 66. Kxg7 Kxb7 67. Kf7 Kxb6 68. g5 Kc7 69. g6 Kd6 70. g7 Ke5 71.
g8=Q Kd6 72. Kf6 Kc5 73. Ke5 Kc6 74. Qc8+ Kb5 75. Kd5 Kb4 76. Qc4+ Ka3 77. Qb5 Ka2 78. Kc4 Ka1 79. Kc3 Ka2 80. Qb2# 1-0

[Event "*** Qualifier 4: Titled Tuesday 3|2 Blitz"]
[Site "Chess.com"]
[Date "2017.04.25"]
[Round "4"]
[White "TregubovP"]
[Black "abubakrtagelsir"]
[Result "1-0"]
[WhiteElo "2189"]
[BlackElo "2131"]
[TimeControl "180+2"]
[EndTime "13:51:30 PDT"]
[Termination "TregubovP won by resignation"]

1. d4 d5 2. c4 c6 3. Nf3 Nf6 4. e3 Bf5 5. Nc3 e6 6. Nh4 Bg4 7. Qb3 Qb6 8. h3 Bh5 9. g4 Bg6 10. g5 Ng8 11. Nxg6 hxg6 12. Qxb6 axb6 13. cxd5 exd5 14. e4 dxe4 15. Nxe4 Na6 16. Bg2 Nb4 17. O-O Rxa2 18. Rxa2 Nxa2 19. Bf4 Nb4 20. Ra1 Na6 21. d5 cxd5 22. Nc3 Bc5 23. Bxd5 Rh4 24. Bg3 Rxh3 25.
Kg2 Rh8 26. Bxb7 Nb4 27. Ra8+ Ke7 28. Ne4 Nd3 29. Bc6 f5 30. Nxc5 bxc5 31. Re8+ Kf7 32.
Bd6 Nb4 33. Bd7 Nf6 34. Rxh8 Nxd7 35. Rc8 Nd3 36. b3 Ke6 37. Bc7 Nc1 38. Re8+ Kf7 39. Re3 f4 40. Rc3 Ne2 41. Rc4 f3+ 42. Kxf3 Nd4+ 43.
Ke4 Nxb3 44. Kd5 Nd4 45. Rc1 Ne6 46. Bd6 Nxg5 47. Bxc5 Ne6 48. Be3 g5 49. Kd6 Nf6 50. Rc4 g4 51. Ke5 Nd7+ 52. Kf5 g6+ 53. Ke4 Nf6+ 54.
Ke5 Nd7+ 55. Kd6 Nf6 56. Ra4 Ne8+ 57. Ke5 g5 58. Ra7+ N8c7 59. Bb6 g3 60. fxg3 g4 61. Bxc7 Ng5 62. Kf5 Nf3 63. Bd6+ Ke8 64. Kxg4 Nd4 65.
Bc5 Nc6 66. Rc7 Ne5+ 67. Kf5 Nd7 68. Rxd7 Kxd7 69. Kf6 Ke8 70. g4 1-0

[Event "*** Qualifier 4: Titled Tuesday 3|2 Blitz"]
[Site "Chess.com"]
[Date "2017.04.25"]
[Round "4"]
[White "NMJeevanK"]
[Black "nonscitis"]
[Result "1-0"]
[WhiteElo "2401"]
[BlackElo "2328"]
[TimeControl "180+2"]
[EndTime "13:51:31 PDT"]
[Termination "NMJeevanK won on time"]

1. e4 c6 2. d4 c5 3. Nf3 cxd4 4.
Nxd4 a6 5. Bd3 g6 6. O-O Bg7 7. Nb3 Nc6 8. c3 Nf6 9. f4 O-O 10. e5 Nd5 11. Bxg6 hxg6 12. Qxd5 d6 13. exd6 exd6 14. Qf3 Be6 15. N1d2 Rc8 16. Ne4 d5 17. Ng5 Bf5 18. g4 f6 19. Nh7 Kxh7 20. gxf5 gxf5 21.
Qh5+ Kg8 22. Rf3 d4 23. Qxf5 dxc3 24. bxc3 Qd1+ 25. Rf1 Qd6 26. Be3 Rfe8 27. Rad1 Qe6 28. Qxe6+ Rxe6 29. Rf3 f5 30. Rd7 Rce8 31. Bf2 R6e7 32.
Rd5 Rf7 33. Rg3 Kh7 34. Rg5 Ne7 35. Rd7 Ref8 36. Bc5 Ng6 37. Bxf8 Rxd7 38. Bb4 Nxf4 39. Rxf5 Ng6 40. h4 Rd1+ 41. Kf2 Rh1 42. h5 Nh4 43. Rf7 Kh6 44. Rxb7 Rh2+ 45. Ke3 Rxa2 46. Nd2 Kxh5 47. Ne4 Bh6+ 48. Kd4 Nf3+ 49. Kd5 Bg5 50. Rh7+ Kg6 51. Ra7 Kh5 52. Ra8 Bf4 53. Nc5 Ng5 54. Nxa6 Rd2+ 55. Kc4 Ne4 56. Rf8 Kg4 57. Kb3 Rd3 58. Rg8+ Kf5 59.
Rf8+ Kg4 60. Kc4 Rh3 61. Rg8+ Kf5 62. Rg1 Nd2+ 63. Kb5 Ne4 64. c4 Rb3 65. Ka4 Rb2 66. Rg8 Ke6 67. Re8+ Kf5 68. Rf8+ Kg4 69. c5 Be3 70. c6 Bb6 71. Rb8 Kf5 72. Rxb6 Nc3+ 73. Ka3 Rb1 74. c7 Nb5+ 75. Rxb5+ Ke6 76. c8=Q+ 1-0

[Event "*** Qualifier 4: Titled Tuesday 3|2 Blitz"]
[Site "Chess.com"]
[Date "2017.04.25"]
[Round "4"]
[White "feigelag"]
[Black "Hikaru"]
[Result "0-1"]
[WhiteElo "2290"]
[BlackElo "2948"]
[TimeControl "180+2"]
[EndTime "13:52:10 PDT"]
[Termination "Hikaru won by checkmate"]

1. e4 e6 2. Nc3 d5 3. Nf3 Nf6 4.
e5 Nfd7 5. d4 c5 6. dxc5 Nc6 7.
Bf4 Be7 8. Bd3 Nxc5 9. O-O g5 10.
Be3 Nxd3 11. Qxd3 g4 12. Nd4 Nxe5 13. Qb5+ Bd7 14. Qe2 Ng6 15. f4 gxf3 16. Rxf3 f5 17. Bf2 Qc8 18. Re1 Kf7 19. g4 f4 20. h4 h5 21. Nxd5 exd5 22. Rxf4+ Kg8 23. Rf5 Bxf5 24. gxf5 Bf6 25. fxg6 Qg4+ 26. Qxg4 hxg4 27. Kg2 Kg7 28. Ne6+ Kxg6 29. Nf4+ Kf7 30. Nxd5 Bxh4 31. Bxh4 Rxh4 32.
Re7+ Kg6 33. Kg3 Rah8 34. Nf4+ Kf6 35. Rxb7 Rh1 36. Rxa7 Rg1+ 37. Kf2 Rc1 38. Kg3 Rxc2 39. Ra6+ Kf5 40. Ra5+ Kf6 41. Nd5+ Ke6 42. Nf4+ Kd6 43. b4 Rg8 44. Rd5+ Kc6 45. b5+ Kb6 46. a4 Ra2 47. Rd6+ Kb7 48. Rg6 Rc8 49. Rg7+ Kb8 50. Rg6 Rc3+ 51.
Kxg4 Rxa4 52. Rb6+ Kc7 53. Rc6+ Rxc6 54. bxc6 Kxc6 55. Kf5 Kd6 56. Kg5 Ke5 57. Ng6+ Ke4 58. Kf6 Ra5 59. Ne7 Ra6+ 60. Kf7 Ke5 61. Ng6+ Kf5 62.
Ne7+ Kg5 63. Nd5 Rd6 64. Ne7 Kf4 65. Ng6+ Ke4 66. Ne7 Ra6 67. Ng6 Kf5 68. Ne7+ Ke5 69. Ng6+ Kd4 70. Ne7 Ke4 71. Ng6 Rb6 72. Ne7 Rb4 73.
Ng6 Rb7+ 74. Ne7 Ke5 75. Kf8 Ke6 76. Ng8 Rf7+ 77. Ke8 Rf1 78. Ne7 Rh1 79. Kf8 Ra1 80. Ng8 Rf1+ 81. Kg7 Rg1+ 82. Kh7 Rg2 83. Nh6 Ke7 84.
Ng8+ Kf8 85. Nh6 Rg7+ 86. Kh8 Ra7 87. Ng8 Kf7 88. Nh6+ Kg6 89. Ng8 Rh7# 0-1

[Event "*** Qualifier 4: Titled Tuesday 3|2 Blitz"]
[Site "Chess.com"]
[Date "2017.04.25"]
[Round "4"]
[White "Alexander_Moskalenko"]
[Black "SergeiAza"]
[Result "1/2-1/2"]
[WhiteElo "2634"]
[BlackElo "2662"]
[TimeControl "180+2"]
[EndTime "13:52:22 PDT"]
[Termination "Game drawn by agreement"]

1. Nf3 Nf6 2. c4 e6 3. Nc3 d5 4. e3 Be7 5. b3 O-O 6. Bb2 b6 7. Qc2 Bb7 8. cxd5 exd5 9. h4 c5 10.
d4 Nc6 11. Bb5 cxd4 12. exd4 Nb4 13. Qd1 Ne4 14. h5 Rc8 15. Rc1 a6 16. Be2 Nxc3 17. Rxc3 Rxc3 18. Bxc3 Nxa2 19. Bd2 h6 20. O-O Nb4 21. Ne5 a5 22. Bxb4 Bxb4 23. Bd3 Qg5 24. Qf3 Bc8 25. Qxd5 Be6 26. Qe4 f5 27. Qc6 Bxb3 28.
Ng6 Rd8 29. Qxb6 Qf6 30. Qb5 Bd5 31. g3 Qxd4 32. Nf4 Be4 33. Rd1 Qf6 34. Bc4+ Kh7 35. Rxd8 Qxd8 36. Nd5 Bxd5 37. Bxd5 f4 38. Be4+ Kh8 39.
g4 Bd6 40. Qf5 Kg8 41. Bd5+ Kh8 42. Kg2 a4 43. Be4 Kg8 44. Qh7+ Kf8 45. Bd5 Qf6 46. Qg8+ Ke7 47. Qa8 Qe5 48. Bf3 a3 49. Qb7+ Kf8 50. Qa8+ Ke7 51. Qb7+ Kf6 52. Bd5 Kg5 53. Bf3 Kh4 54.
Qb1 Bc5 55. Qh1+ Kg5 56. Qb1 Kh4 57. Qh1+ Kg5 58. Qb1 Qd4 59. Kh3 Kf6 60. Qf5+ Ke7 61. Bd5 Qf6 62. Qe4+ Kd6 63. Ba2 Qc3+ 64. Kg2 Qd4 65.
Qe6+ Kc7 66. Qf7+ Kb6 67. Qe6+ Ka5 68. Qe2 Kb4 69. Kf3 Qc3+ 70. Kxf4 Bd6+ 71. Ke4 Qe5+ 72. Kd3 Qb5+ 73. Kd2 Bf4+ 74. Kd1 Qxe2+ 75. Kxe2 Kc3 76. Kf3 Bg5 77. Ke4 Kb2 78. Be6 a2 79. Bxa2 Kxa2 80. f4 Bf6 81. Kf5 Bc3 82. g5 Bd2 83. gxh6 gxh6 84.
Ke4 Kb3 85. Kf3 Kc4 86. f5 Kd5 87. f6 Ke6 88. f7 Kxf7 89. Kg2 Kf6 90. Kh1 Kg5 91. Kg2 Be3 1/2-1/2

[Event "*** Qualifier 4: Titled Tuesday 3|2 Blitz"]
[Site "Chess.com"]
[Date "2017.04.25"]
[Round "4"]
[White "tihanaivekovic223"]
[Black "kreonx"]
[Result "1-0"]
[WhiteElo "2014"]
[BlackElo "2213"]
[TimeControl "180+2"]
[EndTime "13:54:35 PDT"]
[Termination "tihanaivekovic223 won on time"]

1. e4 c6 2. d4 d5 3. Nc3 g6 4. e5 Bg7 5. Be2 Nh6 6. Nf3 O-O 7. O-O f6 8. exf6 exf6 9. h3 Nf7 10.
Re1 Re8 11. Bf1 Nd7 12. Bf4 Nf8 13. Qd2 Ne6 14. Bh2 Bd7 15. a4 Bh6 16. Qd1 Qb6 17. b3 Nfg5 18. Nxg5 Bxg5 19. a5 Qb4 20. Qd3 Nf4 21.
Bxf4 Bxf4 22. Rxe8+ Rxe8 23. Ra4 Qd6 24. Qf3 Bd2 25. Ne2 Qe6 26. Ng3 c5 27. Ra1 cxd4 28.
Rd1 Bc3 29. Ne2 Qf5 30. Nxd4 Qxf3 31. Nxf3 Bxa5 32. Rxd5 Bc6 33. Rxa5 a6 34. Bc4+ Kg7 35. Ra1 b5 36. Bd3 Ra8 37. Nd4 Bd7 38. Bxb5 Bc8 39.
Bc4 a5 40. Ne6+ Kh6 41. Nc7 Ra7 42. Nb5 Ra8 43. Nd6 Bd7 44. Ne4 Kg7 45. Nc5 Bc6 46.
Na4 Rd8 47. Bd3 Ra8 48. Re1 Ra7 49. Re6 Rc7 50. Rd6 Kf7 51. Bc4+ Kg7 52. Rd4 Kf8 53. Bd3 Kg7 54. f3 Kf8 55. Bc4 Kg7 56. c3 Kf8 57.
Bd5 Be8 58. c4 Ke7 59. Rd3 g5 60. Re3+ Kd8 61. Bg8 Bg6 62. Bd5 Kd7 63. Kf2 Kd6 64. Rc3 Ke5 65. Be4 f5 66. Bc2 Be8 67. c5 Bc6 68.
Nb6 Kd4 69. Rc4+ Ke5 70. g3 f4 71. gxf4+ gxf4 72. Be4 Be8 73. Nd5 Rg7 74. Rc1 Rg3 75. c6 Bxc6 76. Rxc6 Rxh3 77. Rf6 Rh2+ 78. Kg1 Rb2 79.
Rxf4 Rxb3 80. Rh4 Rb2 81. Rxh7 a4 82. Ra7 Ra2 83. Nc3 Ra1+ 84. Kf2 a3 85. Kg3 Kd4 86. Nb5+ Ke3 87. Nxa3 Rg1+ 88. Kh2 Rg8 89. Rh7 Kf2 90.
Nc4 Rg2+ 91. Kh1 Rg1+ 92. Kh2 Rg2+ 93. Kh3 Rg1 94. Ne5 Ke3 95. Kh4 Rh1+ 96. Kg5 Rg1+ 97. Kf6 Kf4 98. Ng6+ Ke3 99. Rh2 Ra1 100. Rb2 Ra6+ 101. Kg5 Ra5+ 102. Kh6 Rc5 103. Rb6 Kf2 104. Rf6 Kg3 105.
Ba8 Ra5 106. Be4 Ra1 107. Ne5 Ra5 108. Rf5 Ra6+ 109. Kg5 Ra7 110. f4 Rg7+ 111. Ng6 Ra7 112. Rf6 Ra4 113. Bf5 Ra5 114. Kh6 1-0

[Event "*** Qualifier 4: Titled Tuesday 3|2 Blitz"]
[Site "Chess.com"]
[Date "2017.04.25"]
[Round "5"]
[White "GGuseinov"]
[Black "maciek_92"]
[Result "1-0"]
[WhiteElo "2712"]
[BlackElo "2518"]
[TimeControl "180+2"]
[EndTime "13:57:13 PDT"]
[Termination "GGuseinov won by resignation"]

1. e4 c5 2. Nf3 Nc6 3. Nc3 e6 4.
d4 cxd4 5. Nxd4 a6 6. g3 Nf6 7. Bg2 d6 8. O-O Be7 9. Nxc6 bxc6 10. e5 Nd5 11. exd6 Bxd6 12. Ne4 Be7 13. c4 Nb6 14.
Qxd8+ Kxd8 15. Rd1+ Bd7 16. b3 f6 17. Be3 Rb8 18.
Nc5 Kc7 1-0

[Event "*** Qualifier 4: Titled Tuesday 3|2 Blitz"]
[Site "Chess.com"]
[Date "2017.04.25"]
[Round "5"]
[White "Quiet_Desperation"]
[Black "Outsmiter"]
[Result "0-1"]
[WhiteElo "2124"]
[BlackElo "2047"]
[TimeControl "180+2"]
[EndTime "13:58:04 PDT"]
[Termination "Outsmiter won by resignation"]

1. e4 d6 2. d4 Nf6 3. Nc3 g6 4. Be3 Bg7 5. f3 O-O 6. Qd2 a6 7. O-O-O b5 8. h4 h5 9. Bh6 Bb7 10. Bd3 e5 11. d5 Nbd7 12. Nh3 Nc5 13. Rdg1 c6 14. dxc6 Bxc6 15. Nf2 b4 16. Ne2 Qa5 17. Kb1 Na4 18. g4 d5 19. gxh5 Nxh5 20. Bxg7 Kxg7 21.
Ng3 Nf4 22. Nh3 Nc3+ 23. bxc3 bxc3 24. Qc1 Rfb8+ 25. Ka1 Rb2 0-1

[Event "*** Qualifier 4: Titled Tuesday 3|2 Blitz"]
[Site "Chess.com"]
[Date "2017.04.25"]
[Round "5"]
[White "korason34"]
[Black "Mbneu"]
[Result "0-1"]
[WhiteElo "2309"]
[BlackElo "2188"]
[TimeControl "180+2"]
[EndTime "13:58:19 PDT"]
[Termination "Mbneu won by resignation"]

1. d4 d5 2. c4 e6 3. Nc3 c5 4. e3 Nc6 5. Nf3 Nf6 6. a3 a6 7. dxc5 Bxc5 8. b4 Ba7 9. c5 e5 10.
Be2 Bg4 11. O-O O-O 12. h3 Bh5 13. Bb2 Bb8 14. Nxe5 Nxe5 15. Bxh5 Nc4 16. Rb1 Qc7 17. g3 Nxe3 18. Qf3 Nxf1 19. Rxf1 Qe5 20. Rd1 Qxh5 21.
g4 0-1

[Event "*** Qualifier 4: Titled Tuesday 3|2 Blitz"]
[Site "Chess.com"]
[Date "2017.04.25"]
[Round "5"]
[White "cailinchetty"]
[Black "roldieyi"]
[Result "0-1"]
[WhiteElo "1942"]
[BlackElo "2115"]
[TimeControl "180+2"]
[EndTime "13:58:19 PDT"]
[Termination "roldieyi won by resignation"]

1. e4 c6 2. d4 d5 3. Nc3 dxe4 4.
Nxe4 Nf6 5. Ng3 e6 6. Be3 Bd6 7.
Nf3 O-O 8. Bd3 Nbd7 9. c3 Qc7 10. Qc2 a6 11. O-O-O c5 12. Ne4 Nxe4 13. Bxe4 Nf6 14. Bd3 c4 15. Be2 b5 16. h4 Bb7 17. h5 Be4 18.
Qd2 b4 19. Ng5 bxc3 20. Qe1 cxb2+ 21. Kxb2 Rfb8+ 22. Ka1 Bb4 0-1

[Event "*** Qualifier 4: Titled Tuesday 3|2 Blitz"]
[Site "Chess.com"]
[Date "2017.04.25"]
[Round "5"]
[White "RobertoJBM"]
[Black "scrapnel"]
[Result "1-0"]
[WhiteElo "2460"]
[BlackElo "2464"]
[TimeControl "180+2"]
[EndTime "13:58:36 PDT"]
[Termination "RobertoJBM won by resignation"]

1. d4 Nf6 2. c4 e6 3. Nf3 b6 4. g3 Ba6 5. Qa4 c5 6. Bg2 Bb7 7. O-O cxd4 8. Nxd4 Bxg2 9. Kxg2 Qc8 10. Nc3 a6 11. Bg5 Be7 12. Rac1 O-O 13. Rfd1 Ra7 14.
Ne4 Nxe4 15. Bxe7 Re8 16. Ba3 Rc7 17. f3 Nf6 18. b3 d5 19. cxd5 Nxd5 20. Rxc7 Nxc7 21.
Rc1 Rd8 22. Nc6 b5 23. Qa5 Nxc6 24. Rxc6 Rd7 25. Bd6 1-0

[Event "*** Qualifier 4: Titled Tuesday 3|2 Blitz"]
[Site "Chess.com"]
[Date "2017.04.25"]
[Round "5"]
[White "LawrenceTrent"]
[Black "Iball95"]
[Result "0-1"]
[WhiteElo "2391"]
[BlackElo "2525"]
[TimeControl "180+2"]
[EndTime "13:58:42 PDT"]
[Termination "Iball95 won by resignation"]

1. e4 c6 2. Ne2 d5 3. e5 c5 4. d4 Nc6 5. c3 cxd4 6. cxd4 Bf5 7. Nbc3 e6 8. Ng3 Bg6 9. h4 h6 10. h5 Bh7 11. Be3 Nge7 12. Bd3 Bxd3 13. Qxd3 Nc8 14.
O-O Nb6 15. f4 Nc4 16. b3 Nxe3 17. Qxe3 Rc8 18. Nce2 Qh4 19. Rac1 Ba3 20. Rc2 O-O 21. Kf2 Nxe5 22. dxe5 Rxc2 23. Qxa7 Bc5+ 0-1

[Event "*** Qualifier 4: Titled Tuesday 3|2 Blitz"]
[Site "Chess.com"]
[Date "2017.04.25"]
[Round "5"]
[White "GMOratovsky"]
[Black "Gordima"]
[Result "0-1"]
[WhiteElo "2326"]
[BlackElo "2504"]
[TimeControl "180+2"]
[EndTime "13:59:10 PDT"]
[Termination "Gordima won by resignation"]

1. e4 g6 2. d4 Bg7 3. Nf3 d6 4.
Bd3 Nf6 5. Qe2 O-O 6. h3 Nc6 7. c3 a6 8. Nbd2 Nh5 9. Nf1 e5 10. d5 Ne7 11. Ng3 Nf4 12. Qf1 c6 13. dxc6 bxc6 14.
Bxf4 exf4 15. Ne2 Qb6 16. O-O-O Rb8 17. Rd2 Qa5 18. a3 f5 19. exf5 Nxf5 20. Bxf5 Bxf5 21. Ned4 Qxc3+ 0-1

[Event "*** Qualifier 4: Titled Tuesday 3|2 Blitz"]
[Site "Chess.com"]
[Date "2017.04.25"]
[Round "5"]
[White "Alex_Molchanov"]
[Black "jcgs1030"]
[Result "1-0"]
[WhiteElo "2432"]
[BlackElo "2264"]
[TimeControl "180+2"]
[EndTime "13:59:29 PDT"]
[Termination "Alex_Molchanov won by resignation"]

1. d4 Nf6 2. c4 g6 3. Nf3 Bg7 4.
g3 O-O 5. Bg2 d5 6. O-O dxc4 7.
Nbd2 c3 8. bxc3 c5 9. Bb2 Nc6 10. h3 e5 11. Nxe5 Nxe5 12. dxe5 Nd7 13. f4 Qb6 14.
Nc4 Qa6 15. Nd6 Nxe5 16. fxe5 Bxe5 17. Nxf7 Rxf7 18. Qd8+ Kg7 19. Rxf7+ Kxf7 20. Rf1+ Bf5 21. Qxa8 Qxe2 22. Qxb7+ Kf8 23. Bc1 Bxg3 24. Bh6+ Ke8 25. Bc6+ Kd8 26. Bg5+ 1-0

[Event "*** Qualifier 4: Titled Tuesday 3|2 Blitz"]
[Site "Chess.com"]
[Date "2017.04.25"]
[Round "5"]
[White "MateusViageiro"]
[Black "Blitzstream"]
[Result "0-1"]
[WhiteElo "2265"]
[BlackElo "2436"]
[TimeControl "180+2"]
[EndTime "13:59:30 PDT"]
[Termination "Blitzstream won by resignation"]

1. Nf3 g6 2. g3 Bg7 3. d4 e6 4. Bg2 Ne7 5. O-O d6 6. c4 Nd7 7. Nc3 O-O 8. Qc2 h6 9. Rd1 a6 10. e4 b6 11. e5 Bb7 12. Ne4 dxe5 13. dxe5 Qc8 14. Bf4 Rd8 15. Rxd7 Rxd7 16. Nf6+ Bxf6 17.
exf6 Nf5 18. g4 Nd4 19. Nxd4 Rxd4 20. Qc1 g5 21. Bg3 Bxg2 22. Kxg2 Qb7+ 23. f3 Rad8 24. h3 Rd2+ 25. Bf2 R8d3 0-1

[Event "*** Qualifier 4: Titled Tuesday 3|2 Blitz"]
[Site "Chess.com"]
[Date "2017.04.25"]
[Round "5"]
[White "rubhani"]
[Black "pKiLz5Rn9b"]
[Result "1-0"]
[WhiteElo "2427"]
[BlackElo "2440"]
[TimeControl "180+2"]
[EndTime "14:00:22 PDT"]
[Termination "rubhani won by resignation"]

1. e4 e6 2. d4 d5 3. Nd2 dxe4 4. Nxe4 Nd7 5. Nf3 Ngf6 6. Bd3 c5 7. Nxf6+ Nxf6 8. Be3 Nd5 9. Qe2 Nxe3 10. fxe3 cxd4 11. exd4 Be7 12. O-O-O O-O 13. Kb1 Bd7 14. h4 g6 15. h5 Bf6 16. hxg6 hxg6 17. Ne5 Kg7 18. Qe3 Rh8 19. Rxh8 Qxh8 20. Nxd7 Be7 21. d5 exd5 22. Qxe7 1-0

[Event "*** Qualifier 4: Titled Tuesday 3|2 Blitz"]
[Site "Chess.com"]
[Date "2017.04.25"]
[Round "5"]
[White "nonscitis"]
[Black "Abrito99"]
[Result "1-0"]
[WhiteElo "2335"]
[BlackElo "2269"]
[TimeControl "180+2"]
[EndTime "14:00:23 PDT"]
[Termination "nonscitis won by resignation"]

1. e4 c5 2. Nf3 e6 3. d4 cxd4 4. Nxd4 Nc6 5. Nc3 Qc7 6. Be2 a6 7. O-O Nf6 8. Be3 Be7 9. f4 d6 10. Qe1 O-O 11. Qg3 Re8 12. f5 Nxd4 13. Bxd4 exf5 14.
exf5 Qa5 15. Bc4 Qb4 16. b3 Nh5 17. Qg4 Nf6 18. Bxf6 Bxf6 19. Bxf7+ 1-0

[Event "*** Qualifier 4: Titled Tuesday 3|2 Blitz"]
[Site "Chess.com"]
[Date "2017.04.25"]
[Round "5"]
[White "Bugcrusher"]
[Black "theprosecution1"]
[Result "0-1"]
[WhiteElo "2477"]
[BlackElo "2612"]
[TimeControl "180+2"]
[EndTime "14:00:41 PDT"]
[Termination "theprosecution1 won by resignation"]

1. d4 Nf6 2. c4 e6 3. Nc3 Bb4 4. a3 Bxc3+ 5. bxc3 c5 6. e3 Nc6 7.
Bd3 O-O 8. Ne2 b6 9. e4 Ne8 10.
O-O Ba6 11. f4 f5 12. d5 exd5 13. cxd5 Bxd3 14. Qxd3 fxe4 15. Qxe4 Nd6 16. Qd3 Na5 17. Ng3 Qf6 18. f5 Nb3 19. Rb1 c4 20. Qf3 Rae8 21. Qg4 Nxc1 22. Rbxc1 Rf7 23. Nh5 Qe5 24. f6 g6 25. Ng7 Ref8 26. Rcd1 Rxf6 27. Qxd7 Qe3+ 0-1

[Event "*** Qualifier 4: Titled Tuesday 3|2 Blitz"]
[Site "Chess.com"]
[Date "2017.04.25"]
[Round "5"]
[White "GulamaliRises"]
[Black "indfraeng"]
[Result "1-0"]
[WhiteElo "2470"]
[BlackElo "1784"]
[TimeControl "180+2"]
[EndTime "14:00:41 PDT"]
[Termination "GulamaliRises won by resignation"]

1. e4 c6 2. d4 d5 3. f3 dxe4 4.
fxe4 e5 5. Nf3 Bg4 6. Bc4 Nd7 7. c3 Ngf6 8. Qb3 Qb6 9. Bxf7+ Kd8 10. Bg5 Qxb3 11. Bxb3 Bxf3 12. gxf3 exd4 13. cxd4 Bb4+ 14. Nc3 h6 15. Be3 Re8 16. O-O-O Bxc3 17. bxc3 Nd5 18.
Bd2 N5b6 19. Rdg1 g5 20. h4 gxh4 21. Rxh4 Rf8 22. f4 Nf6 23. f5 h5 24. Rg7 a5 25.
Bg5 Kc8 26. Be6+ Kb8 27. Bxf6 Rxf6 28. Rxh5 Ka7 29. Rhh7 Rb8 30. Kc2 Rff8 31. c4 Rh8 32.
c5 Rxh7 33. cxb6+ Kxb6 34. Rxh7 Rd8 35. Kc3 1-0

[Event "*** Qualifier 4: Titled Tuesday 3|2 Blitz"]
[Site "Chess.com"]
[Date "2017.04.25"]
[Round "5"]
[White "AllStarShark"]
[Black "Robin-Side"]
[Result "1-0"]
[WhiteElo "2302"]
[BlackElo "2307"]
[TimeControl "180+2"]
[EndTime "14:00:50 PDT"]
[Termination "AllStarShark won on time"]

1. d4 Nf6 2. Bg5 c5 3. Nc3 cxd4 4. Qxd4 Nc6 5. Qh4 e6 6. O-O-O Be7 7. e4 d6 8. f4 Qa5 9. Nf3 Bd7 10. Bb5 Nxe4 11. Nxe4 Qxa2 12. Bxe7 Nxe7 13. Bxd7+ Kxd7 14. Ne5+ Ke8 15. Nxd6+ Kf8 16. Nd7+ Kg8 17. Qxe7 Qa1+ 18. Kd2 Qa5+ 19.
c3 Qd5+ 20. Kc1 Qh5 21. Ne8 1-0

[Event "*** Qualifier 4: Titled Tuesday 3|2 Blitz"]
[Site "Chess.com"]
[Date "2017.04.25"]
[Round "5"]
[White "VMikhalevski"]
[Black "iturrizaga"]
[Result "0-1"]
[WhiteElo "2546"]
[BlackElo "2660"]
[TimeControl "180+2"]
[EndTime "14:00:52 PDT"]
[Termination "iturrizaga won by resignation"]

1. Nf3 c5 2. g3 g6 3. c3 Bg7 4. d4 b6 5. Bg2 Bb7 6. O-O Nf6 7. a4 O-O 8. Na3 Nc6 9. Nc4 d6 10.
Re1 Qc7 11. d5 Nxd5 12. Qxd5 Ne5 13. Qxb7 Qxb7 14. Nfxe5 Qa6 15. Bxa8 Rxa8 16. Nxf7 Qxc4 17. Ng5 Bh6 18. e4 Rf8 19. h4 Qb3 20. a5 b5 21.
a6 Bg7 22. Kg2 b4 23. cxb4 Bd4 24. Re2 h6 25. Ra3 Qd1 0-1

[Event "*** Qualifier 4: Titled Tuesday 3|2 Blitz"]
[Site "Chess.com"]
[Date "2017.04.25"]
[Round "5"]
[White "XDPS"]
[Black "Beca95"]
[Result "0-1"]
[WhiteElo "2535"]
[BlackElo "2689"]
[TimeControl "180+2"]
[EndTime "14:00:53 PDT"]
[Termination "Beca95 won on time"]

1. e4 c5 2. Nf3 d6 3. d4 cxd4 4. Nxd4 Nf6 5. Nc3 a6 6. Be2 e5 7. Nb3 Be6 8. Be3 Nbd7 9. g4 h6 10. h4 Rc8 11. Bf3 Nb6 12. g5 hxg5 13. hxg5 Rxh1+ 14. Bxh1 Ng4 15. Bc1 Be7 16. f3 Bxg5 17. fxg4 Bxc1 18.
Qxc1 Qh4+ 19. Ke2 Bxg4+ 20. Kd3 d5 21. Qf1 Qg3+ 22. Kd2 Rxc3 23. bxc3 Nc4+ 24. Kc1 Qxc3 0-1

[Event "*** Qualifier 4: Titled Tuesday 3|2 Blitz"]
[Site "Chess.com"]
[Date "2017.04.25"]
[Round "5"]
[White "politeplayer"]
[Black "MyleneFarmer"]
[Result "0-1"]
[WhiteElo "2188"]
[BlackElo "2351"]
[TimeControl "180+2"]
[EndTime "14:00:55 PDT"]
[Termination "MyleneFarmer won by resignation"]

1. e4 c5 2. d4 cxd4 3. c3 Nf6 4. e5 Nd5 5. Nf3 d6 6. cxd4 Nc6 7. Bc4 dxe5 8. Bxd5 Qxd5 9. Nc3 Qa5 10. d5 Nd8 11. Nxe5 g6 12. Nc4 Qc5 13. Qe2 Bg7 14. Be3 Bxc3+ 15. bxc3 Qxd5 16. Rd1 Qxg2 17. Rf1 O-O 18. Bh6 Bg4 19. Qxe7 Nc6 20. Bxf8 Nxe7 21. Bxe7 Re8 22.
Ne3 Rxe7 23. Rd8+ Kg7 24. Rd7 Rxe3+ 0-1

[Event "*** Qualifier 4: Titled Tuesday 3|2 Blitz"]
[Site "Chess.com"]
[Date "2017.04.25"]
[Round "5"]
[White "Alexander_Moskalenko"]
[Black "yurisolo"]
[Result "1/2-1/2"]
[WhiteElo "2631"]
[BlackElo "2491"]
[TimeControl "180+2"]
[EndTime "14:00:59 PDT"]
[Termination "Game drawn by repetition"]

1. Nf3 c5 2. c4 Nf6 3. Nc3 e6 4.
g3 b6 5. Bg2 Bb7 6. O-O Be7 7. d4 cxd4 8. Qxd4 O-O 9. Rd1 d6 10. b3 Nbd7 11. Bb2 a6 12. Rac1 Qc7 13.
Ng5 Bxg2 14. Kxg2 b5 15. Nge4 bxc4 16. Qxc4 Qxc4 17. bxc4 Nb6 18. Ba3 Nxc4 19. Bxd6 Nxd6 20. Nxd6 Rfd8 21. Nb7 Rdb8 22. Na5 Rc8 23. Nb3 Ba3 24.
Rc2 Nd5 25. Nxd5 Rxc2 26. Nb6 Rb8 27. Nd7 Re8 28. Rd4 Rxe2 29. Ra4 Bb2 30. Rxa6 h6 31. a4 Rd8 32. Ra7 Rc8 33. a5 Rcc2 34. Ra8+ Kh7 35. Nf8+ Kg8 36. Ng6+ Kh7 37. Nf8+ Kg8 38. Ng6+ Kh7 39.
Nf8+ Kg8 40. Ng6+ Kh7 41. Nf8+ 1/2-1/2